 Dungeon Crawl Stone Soup version 0.31.0-11-ge490571c62 (webtiles) character file.

Game seed: 10319794015800803640

4120 Arcadio the Fighter (level 10, -7/94 HPs)
             Began as a Yellow Draconian Delver on Jan 30, 2024.
             Was a Follower of Zin.
             Mangled by Erica
             ... wielding a +0 scimitar of flaming
              (14 damage)
             ... on level 9 of the Dungeon.
             The game lasted 00:12:07 (7510 turns).

Arcadio the Fighter (Yellow Draconian Delver)       Turns: 7510, Time: 00:12:09

Health: -7/94      AC:  7    Str: 23    XL:     10   Next: 6%
Magic:  10/10      EV: 12    Int: 17    God:    Zin [*.....]
Gold:   223        SH:  0    Dex: 12    Spells: 9/9 levels left

rFire   . . .        x - +9 trident of the Undead {holy, Str+4}
rCold   . . .        (no shield)
rNeg    . . .        (body armour unavailable)
rPois   .            (helmet restricted)
rElec   .            (no cloak)
rCorr   +            (no gloves)
SInv    .            (no boots)
Will    .....        (no amulet)
Stlth   +++          g - ring of resist corrosion
HPRegen 0.35/turn    u - +6 ring of intelligence
MPRegen 0.12/turn

%: no passive effects
@: mighty, constricted
A: spit acid, AC +7, unfitting armour, cold-blooded, acid resistance
a: Breathe Acid, Renounce Religion, Recite, Donate Gold


You were on level 9 of the Dungeon.
You worshipped Zin.
Zin was aware of your devotion.
You visited 2 branches of the dungeon, and saw 7 of its levels.
You also visited: Sewer.

You collected 247 gold pieces.
You donated 24 gold pieces to Zin.

Inventory:

Hand Weapons
 a - a +0 mace
 l - the +9 dagger of Aferchy {speed, Int+2}
   (You found it on level 4 of the Dungeon)

   Int+2:     It affects your intelligence (+2).
 x - the +9 trident of the Undead (weapon) {holy, Str+4}
   (You found it on level 7 of the Dungeon)

   Str+4:     It affects your strength (+4).
Jewellery
 g - a ring of resist corrosion (left hand)
 u - a +6 ring of intelligence (right hand)
Wands
 f - a wand of digging (3)
Scrolls
 b - 4 scrolls of fog
 d - 3 scrolls of fear
 j - a scroll of summoning {unknown}
 o - a scroll of enchant armour {unknown}
 r - 4 scrolls of identify
 s - a scroll of brand weapon {unknown}
 v - a scroll of revelation
 w - a scroll of teleportation {unknown}
 z - a scroll of immolation {unknown}
 A - a scroll of vulnerability {unknown}
Potions
 c - a potion of might
 e - a potion of haste
 h - a potion of degeneration {unknown}
 i - a potion of mutation {unknown}
 k - 3 potions of resistance
 m - 2 potions of brilliance
 n - 3 potions of magic {unknown}
 p - 2 potions of curing
 q - a potion of berserk rage {unknown}
 t - a potion of heal wounds {unknown}
 y - a potion of ambrosia {unknown}


   Skills:
 + Level 10.4 Fighting
 - Level 7.4 Maces & Flails
 + Level 8.4 Dodging
 - Level 4.5 Stealth


You had 9 spell levels left.
You didn't know any spells.
Your spell library contained the following spells:

 Spells                   Type           Power      Damage    Failure   Level
 Fugue of the Fallen      Necr           0%         N/A       56%         3
 Ozocubu's Armour         Ice            0%         N/A       56%         3
 Summon Ice Beast         Ice/Summ       0%         N/A       56%         3
 Manifold Assault         Tloc           0%         N/A       93%         4
 Summon Mana Viper        Hex/Summ       0%         N/A       100%        5
 Monstrous Menagerie      Summ           0%         N/A       100%        7


Dungeon Overview and Level Annotations

Branches:
Dungeon (9/15)             Temple (1/1) D:7            Lair (0/5) D:8
  Sewer (visited)
    Orc: D:9-12

Altars:
Ashenzari
Cheibriados
Dithmenos
Elyvilon
Fedhas
Gozag
Hepliaklqana
Kikubaaqudgha
Makhleb
Nemelex Xobeh
Okawaru
Qazlal
Ru
Sif Muna
Trog
Uskayaw
Vehumet
Wu Jian
Xom
Yredelemnul
Zin
The Shining One

Shops:
D:7 :

Annotations:
D:6 Pikel
D:9 Erica


Innate Abilities, Weirdness & Mutations

You can spit globs of acid.
Your golden yellow scales are hard. (AC +7)
You cannot fit into any form of body armour.
You are cold-blooded and may be slowed by cold attacks.
You are resistant to acid. (rCorr)


Message History

a +0 giant club; a +0 giant club; a two-headed ogre corpse You feel very sick.
You feel sick.
You feel sick.
You feel sick.
You feel sick.
You feel sick.
You feel sick.
You feel sick.
You feel sick.
You are no longer poisoned.
You feel yourself slow down.
A troll comes into view.
Something hits you. Something burns you. Something grabs you.
You are constricted.
You escape Erica's grasp.
Something tries to affect you, but you resist.
There is a stone staircase leading up here.
Okay, then.
You feel yourself speed up. Something hits you. Something burns you.
Something grabs you.
You stop ascending the stairs.
You are constricted.
You puncture something! Something hits you! Something burns you.
You are constricted.
You feel very mighty all of a sudden. Something hits you! Something burns you.
* * * LOW HITPOINT WARNING * * *
You are constricted.
* * * LOW HITPOINT WARNING * * *
You barely miss something. Something completely misses you.
You are constricted.
* * * LOW HITPOINT WARNING * * *
You impale something!! Something hits you.
* * * LOW HITPOINT WARNING * * *
Something burns you.
* * * LOW HITPOINT WARNING * * *
You are constricted.
* * * LOW HITPOINT WARNING * * *
Something hits you!
You die...

###.######.#.#
#..........#.#
#.#..........#
###.######...†.#
#..........###.#
#.#.####.......#
#.#....#...#####.#
#.####.#.........#
#@.....#..########
#......#..#
#####.###.##..#
#.............#
#.#.#####.###.#
#.#.....# #.# .
#.##### #.# .# #.#
#. ..#


There were no monsters in sight!

Vanquished Creatures
  A two-headed ogre (D:9)
  A rime drake (D:7)
  A troll (D:7)
  A steam dragon (D:7)
  A water moccasin (D:8)
  Edmund (D:6)
  2 sky beasts
  2 black bears (D:7)
  An orc warrior (D:7)
  6 ice beasts
  2 ogres
  2 wolves
  6 bullfrogs
  2 scorpions (D:5)
  3 killer bees (D:7)
  A hound (D:7)
  4 orc priests
  A jelly (D:6)
  A sleepcap (D:5)
  4 iguanas
  3 orc wizards
  4 gnolls
  16 adders
  7 river rats
  A shadow imp (D:5)
  3 white imps
  3 ribbon worms (D:6)
  12 orcs
  3 endoplasms
  A goblin (D:4)
  A hobgoblin (D:4)
  5 jackals (D:4)
  2 kobolds (D:4)
  A quokka (D:4)
  13 ball pythons
  A frilled lizard (Sewer)
  18 rats
137 creatures vanquished.

Notes
Turn   | Place    | Note
-------+----------+-------------------------------------------
     0 | D:5      | Arcadio the Draconian Delver began the quest for the Orb.
     0 | D:5      | Reached XP level 1. HP: 19/19 MP: 1/1
    74 | D:4      | Found a shadowy altar of Dithmenos.
    94 | D:4      | Reached XP level 2. HP: 16/26 MP: 2/2
   279 | D:4      | Identified the +9 dagger of Aferchy {speed, Int+2}
   419 | D:4      | Reached XP level 3. HP: 31/33 MP: 3/3
   425 | D:4      | Reached skill level 4 in Fighting
   694 | D:5      | Reached XP level 4. HP: 40/40 MP: 4/4
   848 | D:5      | Noticed a scorpion
   863 | D:5      | Killed a scorpion
   864 | D:5      | Reached XP level 5. HP: 28/47 MP: 5/5
  1087 | D:5      | Found a glowing golden altar of the Shining One.
  1098 | D:5      | Noticed an ice beast
  1114 | D:5      | Killed an ice beast
  1115 | D:5      | Reached skill level 5 in Fighting
  1181 | D:5      | Noticed an ogre
  1189 | D:5      | Killed an ogre
  1190 | D:5      | Reached XP level 6. HP: 14/56 MP: 6/6
  1982 | D:6      | Your scales start taking on a golden yellow colour.
  1982 | D:6      | Reached XP level 7. HP: 54/62 MP: 7/7
  1982 | D:6      | Gained mutation: You are resistant to acid. (rCorr) [Yellow
                  | Draconian growth]
  2072 | D:6      | Found a glowing drain.
  2077 | Sewer    | Entered a sewer
  2225 | Sewer    | Reached skill level 6 in Fighting
  2438 | Sewer    | Reached skill level 5 in Maces & Flails
  2645 | D:6      | Noticed Edmund
  2739 | D:7      | Reached skill level 5 in Dodging
  2758 | D:7      | Found a staircase to the Ecumenical Temple.
  2771 | Temple   | Entered the Ecumenical Temple
  2828 | Temple   | Became a worshipper of Zin the Law-Giver
  2828 | Temple   | Reached * piety under Zin
  3349 | D:6      | Reached XP level 8. HP: 71/71 MP: 8/8
  3442 | D:6      | Reached skill level 7 in Fighting
  3642 | D:6      | Killed Edmund
  3648 | D:6      | Found a hazy altar of Hepliaklqana.
  3760 | D:6      | Noticed Pikel
  4197 | D:7      | Found Jiynt's Vocational Training.
  4484 | D:7      | Reached skill level 8 in Fighting
  4596 | D:7      | Reached XP level 9. HP: 34/81 MP: 9/9
  4818 | D:7      | Identified the +9 trident of the Undead {holy, Str+4}
  4858 | D:7      | Noticed a troll
  4869 | D:7      | Killed a troll
  5243 | D:7      | Found an opulent altar of Gozag.
  5595 | D:8      | Noticed a rime drake
  5616 | D:7      | Reached skill level 9 in Fighting
  6028 | D:7      | Killed a rime drake
  6579 | D:8      | Found a staircase to the Lair.
  6759 | D:8      | Reached skill level 10 in Fighting
  6842 | D:8      | Found an ancient bone altar of Kikubaaqudgha.
  7314 | D:9      | Noticed a two-headed ogre
  7323 | D:9      | Killed a two-headed ogre
  7324 | D:9      | Reached XP level 10. HP: 42/94 MP: 10/10
  7478 | D:9      | Noticed Erica
  7510 | D:9      | Mangled by Erica

Illustrated notes

Levels and vault maps discovered:
D:4:      layout_basic, mainiacjoe_overflow_small_starburst
D:5:      layout_loops_cross, mainiacjoe_overflow_chevrons, serial_aquarium,
          aquarium_bridge_square [aquarium_subvault_wall,
          aquarium_subvault_bridge, aquarium_subvault_bridge,
          aquarium_subvault_wall], aquarium_bridge_square
          [aquarium_subvault_balcony, aquarium_subvault_bridge,
          aquarium_subvault_wall, aquarium_subvault_window],
          aquarium_window_fake, aquarium_window_fake, aquarium_view_2d,
          aquarium_view_2e
D:6:      layout_basic, mainiacjoe_overflow_tiny_flanked,
          lightli_sewer_entry_pipes, uniq_edmund, uniq_pikel
D:7:      layout_loops_corners, lemuel_tele_altar,
          minmay_temple_entry_large_hall, nicolae_shop_vocational
D:8:      layout_basic, mainiacjoe_overflow_surrounded_room,
          hellmonk_lair_entry_icy, grunt_decor_mini_mirrors,
          minmay_misc_feat_doors
D:9:      layout_basic, uniq_erica
Temple:   minmay_crystal_spiral_temple

Skill      XL: |  1  2  3  4  5  6  7  8  9 |
---------------+----------------------------+-----
Dodging        | 2 3 4 5 6 8 |  8.4
Fighting       | 4 5 6 8 10 | 10.4
Maces & Flails | 3 4 5 7 |  7.4
Stealth        | |  4.5

Action                     |  1- 3 |  4- 6 |  7- 9 | 10-12 || total
---------------------------+-------+-------+-------+-------++-------
  Melee: Mace              |    19 |       |       |       ||    19
         Tailslap          |     3 |     5 |    43 |       ||    51
         Dagger            |    27 |    69 |   273 |       ||   369
         Punch             |       |       |     3 |       ||     3
         Trident           |       |       |    84 |     3 ||    87
 Invoke: Recite            |       |       |     3 |       ||     3
Ability: Breathe Acid      |       |       |    15 |       ||    15
    Use: Scroll            |       |     1 |     4 |       ||     5
         Potion            |       |       |     2 |     1 ||     3
   Stab: Sleeping          |     4 |     3 |     5 |       ||    12
 Armour: Skin              |    18 |    17 |   257 |     7 ||   299
  Dodge: Dodged            |    24 |    22 |   247 |     1 ||   294
